 Dungeon Crawl Stone Soup version 0.31-a0-1-g4198be8af4 (webtiles) character file.

Game seed: 15358285162591029504

306136 Chudface the Slayer (level 22, -2/155 HPs)
             Began as a Kobold Hexslinger on May 1, 2023.
             Was a Priest of Uskayaw.
             Slain by a skeletal warrior
             ... wielding a +0 scimitar
              (4 damage)
             ... in a wizard's laboratory on May 2, 2023.
             The game lasted 05:46:29 (46865 turns).

Chudface the Slayer (Kobold Hexslinger)            Turns: 46865, Time: 05:46:29

Health: -2/155     AC: 19    Str: 12    XL:     22   Next: 8%
Magic:  20/33      EV: 26    Int: 22    God:    Uskayaw [***...]
Gold:   2213       SH:  0    Dex: 27    Spells: 20/27 levels left

rFire   + . .        a - +7 arbalest "Jucryiseq" {drain, rPois Str+3}
rCold   + . .        (shield currently unavailable)
rNeg    . . .        l - +2 ring mail {rF+}
rPois   +            m - +2 hat
rElec   .            y - +2 cloak
rCorr   .            x - +2 pair of gloves {hurl}
SInv    .            X - +0 pair of boots
Will    ++...        A - amulet of regeneration
Stlth   ++++++++     K - ring "Jonli" {rC+ Int+6 Dex+4}
HPRegen 1.25/turn    Z - ring of willpower
MPRegen 0.23/turn

%: no passive effects
@: portalling projectiles
A: small, no large weapons, nightstalker 3
}: 2/15 runes: barnacled, gossamer
a: Renounce Religion, Stomp, Line Pass


You were in a wizard's laboratory.
You worshipped Uskayaw.
Uskayaw was pleased with you.
You visited 8 branches of the dungeon, and saw 37 of its levels.
You also visited: Bailey, Gauntlet, Ice Cave and Wizlab.

You collected 4660 gold pieces.
You spent 2447 gold pieces at shops.

Inventory:

Hand Weapons
 a - the +7 arbalest "Jucryiseq" (weapon) {drain, rPois Str+3}
   (You bought it in a shop on level 2 of the Orcish Mines)

   Str:       It affects your strength (+3).
   rPois:     It protects you from poison.
 b - a +2 dagger of venom
 e - the +9 long sword of Mutilation {flame, rN+ Str+2 SInv}
   (You took it off a merfolk on level 4 of the Shoals)

   Str:       It affects your strength (+2).
   rN:        It protects you from negative energy.
   SInv:      It lets you see invisible.
Missiles
 s - 7 curare-tipped darts
 B - 2 throwing nets
Armour
 l - a +2 ring mail of fire resistance (worn)
 m - a +2 hat (worn)
 x - a +2 pair of gloves of hurling (worn)
 y - a +2 cloak (worn)
 J - a scarf of resistance
 X - a +0 pair of boots (worn)
Jewellery
 c - a ring of protection from cold
 h - a ring of protection from fire
 A - an amulet of regeneration (around neck)
 K - the ring "Jonli" (left hand) {rC+ Int+6 Dex+4}
   (You found it on level 1 of the Vaults)

   [ring of intelligence]

   Int:       It affects your intelligence (+6).
   Dex:       It affects your dexterity (+4).
   rC:        It protects you from cold.
 V - a ring of flight
 Z - a ring of willpower (right hand)
Wands
 M - a wand of light (26)
 U - a wand of roots (32)
 Y - a wand of digging (9)
Scrolls
 i - 5 scrolls of poison
 j - 5 scrolls of silence
 n - 3 scrolls of fear
 v - 8 scrolls of blinking
 w - 7 scrolls of fog
 z - 12 scrolls of teleportation
 C - a scroll of butterflies
 D - 4 scrolls of immolation
 O - 7 scrolls of magic mapping
Potions
 g - 13 potions of curing
 k - 7 potions of might
 q - 9 potions of mutation
 t - 3 potions of magic
 u - 10 potions of haste
 E - 4 potions of invisibility
 F - 5 potions of brilliance
 H - 4 potions of flight
 I - 2 potions of resistance {unknown}
 L - 9 potions of attraction
 N - 6 potions of lignification
 P - 8 potions of ambrosia
 R - a potion of cancellation
 S - 8 potions of heal wounds
Miscellaneous
 d - a phantom mirror
 p - a box of beasts
 T - a condenser vane


   Skills:
 - Level 21.0 Fighting
 - Level 10.0(13.0) Short Blades
 + Level 8.8(9.7) Long Blades
 - Level 1.2 Maces & Flails
 - Level 20.8 Ranged Weapons
 - Level 3.0 Throwing
 - Level 10.0 Armour
 + Level 14.5 Dodging
 + Level 17.6 Stealth
 - Level 5.0 Shields
 - Level 3.0 Spellcasting
 - Level 3.0 Hexes
 - Level 9.0 Translocations
 - Level 15.0 Invocations
 - Level 5.0 Evocations


You had 20 spell levels left.
You knew the following spells:

 Your Spells              Type           Power      Damage    Failure   Level
a - Slow                  Hex            64%        N/A       7%          1
b - Apportation           Tloc           84%        N/A       1%          1
c - Blink                 Tloc           84%        N/A       1%          2
d - Portal Projectile     Hex/Tloc       58%        N/A       6%          3

Your spell library contained the following spells:

 Spells                   Type           Power      Damage    Failure   Level
 Lesser Beckoning         Tloc           84%        N/A       1%          2
 Momentum Strike          Conj/Tloc      46%        3d9       5%          2
 Manifold Assault         Tloc           42%        N/A       6%          4
 Ensorcelled Hibernation  Hex/Ice        18%        N/A       19%         2
 Confusing Touch          Hex            16%        N/A       21%         3
 Foxfire                  Conj/Fire      12%        2x1d4     24%         1
 Freeze                   Ice            12%        1d3       24%         1
 Kiss of Death            Conj/Necr      12%        2d6       24%         1
 Magic Dart               Conj           12%        1d3       24%         1
 Sting                    Tmut/Pois      12%        1d3       24%         1
 Summon Small Mammal      Summ           12%        N/A       24%         1
 Call Imp                 Summ           6%         N/A       34%         2
 Cigotuvi's Dreadful Rot  Necr/Pois/Air  6%         N/A       34%         2
 Passwall                 Tmut/Erth      2%         N/A       34%         2
 Poisonous Vapours        Pois/Air       6%         N/A       34%         2
 Sublimation of Blood     Necr           3%         N/A       34%         2
 Dazzling Flash           Conj/Hex       18%        N/A       36%         3
 Inner Flame              Hex/Fire       9%         N/A       36%         3
 Summon Guardian Golem    Hex/Summ       9%         N/A       36%         3
 Call Canine Familiar     Summ           3%         N/A       56%         3
 Frozen Ramparts          Ice            6%         1d1       56%         3
 Hailstorm                Conj/Ice       3%         3d3       56%         3
 Mephitic Cloud           Conj/Pois/Air  3%         N/A       56%         3
 Stone Arrow              Conj/Erth      6%         3d7       56%         3
 Swiftness                Air            3%         N/A       56%         3
 Cause Fear               Hex            8%         N/A       56%         4
 Anguish                  Hex/Necr       4%         N/A       77%         4
 Leda's Liquefaction      Hex/Erth       4%         N/A       77%         4
 Animate Armour           Summ/Erth      6%         N/A       93%         4
 Dispel Undead            Necr           3%         3d7       93%         4
 Petrify                  Tmut/Erth      3%         N/A       93%         4
 Silence                  Hex/Air        4%         N/A       98%         5
 Agony                    Necr           3%         N/A       100%        5
 Alistair's Intoxication  Tmut/Pois      2%         N/A       100%        5
 Blade Hands              Tmut           1%         N/A       100%        5
 Borgnjor's Vile Clutch   Necr/Erth      1%         N/A       100%        5
 Fireball                 Conj/Fire      1%         3d3       100%        5
 Freezing Cloud           Conj/Ice/Air   1%         6-21      100%        5
 Irradiate                Conj/Tmut      1%         3d12      100%        5
 Iskenderun's Battlesphe  Conj           3%         2d6       100%        5
 Death Channel            Necr           1%         N/A       100%        6
 Iron Shot                Conj/Erth      1%         9d1       100%        6
 Plasma Beam              Fire/Air       1%         2x1d12    100%        6
 Starburst                Conj/Fire      1%         6d3       100%        6
 Statue Form              Tmut/Erth      2%         N/A       100%        6
 Orb of Destruction       Conj           1%         9d5       100%        7
 Spellforged Servitor     Conj/Summ      1%         N/A       100%        7
 Storm Form               Tmut/Air       1%         N/A       100%        7
 Discord                  Hex            8%         N/A       100%        8


Dungeon Overview and Level Annotations

Branches:
Dungeon (15/15)            Temple (1/1) D:5            Lair (5/5) D:10
 Shoals (4/4) Lair:3       Spider (4/4) Lair:2        Slime (0/5) Lair:5
    Orc (2/2) D:12            Elf (2/3) Orc:2        Vaults (4/5) D:14
  Crypt (0/3) Vaults:2     Depths (0/4) D:15         Bailey (visited)
  IceCv (visited)          WizLab (1/1)             Gauntlet (visited)

Altars:
Hepliaklqana
Kikubaaqudgha
Nemelex Xobeh
Ru
Uskayaw
Vehumet
Wu Jian
Yredelemnul
The Shining One

Shops:
D:8 [   D:9 !   D:10 *   D:14 :   Orc:2 ***:[(   Elf:2 :   Shoals:3 :
Vaults:3 (*(

Portals:
Trove: D:13 (give 2 scrolls of acquirement)

Annotations:
D:1 exclusion: gnoll
D:3 exclusion: scorpion
D:6 2 runed translucent doors, exclusion: 2 downstairs
Lair:2 exclusion: downstairs
Shoals:1 exclusion: 2 downstairs
Shoals:2 1 runed translucent door
Shoals:4 Polyphemus, Roxanne
Spider:1 exclusion: downstairs
Spider:3 1 runed translucent door, Otiptot's ghost, adept MiBe
Spider:4 Mara
Vaults:2 3 runed translucent doors, exclusion: downstairs
Vaults:4 exclusion: 3 downstairs


Innate Abilities, Weirdness & Mutations

You are small and have problems with some larger weapons.
You are completely attuned to the shadows.


Message History

Aim: a skeletal warrior, wielding a +0 battleaxe (moderately damaged, 81% to hit)
You magically shoot a bolt.
The bolt hits the skeletal warrior!
The skeletal warrior is heavily damaged.
The skeletal warrior hits you with a +0 scimitar.
The skeletal warrior hits you but does no damage.
The skeletal warrior hits you with a +0 battleaxe!
Fire: a) +7 arbalest "Jucryiseq" {drain, rPois Str+3}
Press: ? - help, Q - select action, (/) - cycle Shift-Dir - straight line, f/p - skeletal warrior
Aim: a skeletal warrior, wielding a +0 battleaxe (heavily damaged, 81% to hit)
You magically shoot a bolt.
The bolt hits the skeletal warrior but does no damage.
The skeletal warrior is heavily damaged.
The skeletal warrior misses you.
The skeletal warrior hits you with a +0 battleaxe!!
The skeletal warrior completely misses you.
The skeletal warrior hits you but does no damage.
The skeletal warrior hits you with a +0 hand axe!
The skeletal warrior hits you with a +0 scimitar.
Fire: a) +7 arbalest "Jucryiseq" {drain, rPois Str+3}
Press: ? - help, Q - select action, (/) - cycle Shift-Dir - straight line, f/p - skeletal warrior
Aim: a skeletal warrior, wielding a +0 battleaxe (heavily damaged, 81% to hit)
You magically shoot a bolt.
The bolt barely misses the skeletal warrior.
The skeletal warrior closely misses you.
The skeletal warrior hits you with a +0 battleaxe!
The skeletal warrior hits you with a +0 hand axe!!
You stomp with the beat, sending a shockwave through the revellers around you!
The skeletal warrior is moderately damaged.
The skeletal warrior is severely damaged.
The skeletal warrior is heavily damaged.
The skeletal warrior hits you with a +0 scimitar!!
* * * LOW HITPOINT WARNING * * *
The skeletal warrior hits you with a +0 battleaxe!
* * * LOW HITPOINT WARNING * * *
The skeletal warrior barely misses you.
The skeletal warrior attacks as you move away!
The skeletal warrior hits you with a +0 battleaxe!
* * * LOW HITPOINT WARNING * * *
The skeletal warrior hits you with a +0 scimitar.
You die...

#♣...# #....♣ #...8#
#....♣ ♣♣...# #...♣#
♣....### .## ##. ###.).♣#
#......## .. .. ##..)...♣
♣.......# .#. #.......#
#♣......####z####..8...♣#
#.....8....z.z........♣♣
##♣..8...)..∩@........♣
♣.........∩.......♣♣#
#♣♣..♣.♣..♣.♣.♣♣...#
♣##♣##♣######♣#♣##


You could see 3 skeletal warriors.

Vanquished Creatures
  Mlioglotl (Shoals:4)
  2 sphinxes
  Kirke (D:13)
  A kraken (Shoals:4)
  Donald (Shoals:4)
  A fire giant (Vaults:3)
  7 vault wardens
  4 ghost moths (Spider:4)
  6 orc warlords
  6 emperor scorpions
  15 ironbound preservers
  A stone giant (Vaults:1)
  3 war gargoyles
  6 ironbound thunderhulks
  2 reapers (IceCv)
  A very ugly thing (D:15)
  2 dire elephants
  7 spark wasps
  A minotaur (Gauntlet)
  6 merfolk impalers
  2 merfolk javelineers (Shoals:4)
  An ettin (Vaults:2)
  A crystal guardian (Vaults:4)
  A spark wasp (shapeshifter) (D:15)
  A fire dragon (Lair:5)
  8 entropy weavers
  9 yaktaur captains
  Josephine (D:12)
  Erolcha (D:12)
  7 great orbs of eyes
  2 rakshasas
  5 vault guards
  Fannar (D:11)
  2 ogre magi
  7 hydras
  2 jorogumos
  3 peacekeepers
  3 merfolk avatars
  3 radroaches
  5 death yaks
  3 merfolk aquamancers
  2 alligator snapping turtles (Shoals:4)
  7 ironbound frosthearts
  9 centaur warriors
  3 catoblepae
  2 satyrs
  A death knight (D:11)
  16 boulder beetles
  2 dancing weapons (Elf:2)
  Urug (D:12)
  4 orc high priests
  5 two-headed ogres
  3 tengu warriors
  2 skysharks
  5 deep elf knights
  2 pharaoh ants (Spider:4)
  2 fire crabs
  11 skeletal warriors
  12 orb spiders
  6 sea snakes
  36 deep trolls
  12 ironbound convokers
  5 lindwurms
  6 spriggan simulacra
  A bog body (IceCv)
  A glowing orange brain (D:15)
  An obsidian statue (IceCv)
  4 deep elf archers (Elf:2)
  6 steelbarb worms
  An orange crystal statue (IceCv)
  Pikel (D:4)
  A steelbarb worm (shapeshifter) (D:14)
  6 wizards
  A phantasmal warrior (Vaults:1)
  7 deep elf zephyrmancers
  27 harpies
  A necromancer (Vaults:3)
  12 ugly things
  15 deep elf pyromancers
  10 orc knights
  10 manticores
  6 orc sorcerers
  15 wolf spiders
  A human zombie (Vaults:3)
  13 cyclopes
  3 moths of wrath
  A moth of wrath (shapeshifter) (D:13)
  5 elephants (Lair:3)
  12 fauns
  5 merfolk sirens
  6 centaur zombies (D:11)
  7 black mambas
  2 yaktaur zombies (Vaults:3)
  6 water nymphs
  3 molten gargoyles (Lair:5)
  7 torpor snails
  11 cane toads
  2 unseen horrors (D:11)
  7 vault sentinels
  A water nymph (shapeshifter) (Vaults:2)
  10 demonic crawlers
  10 komodo dragons
  21 yaktaurs
  2 anaconda simulacra
  2 efreet
  5 ice devils (IceCv)
  8 freezing wraiths (IceCv)
  3 tengu conjurers
  2 golden dragon simulacra (IceCv)
  7 trolls
  2 polar bears
  27 merfolk
  Prince Ribbit (Bailey)
  19 meliai
  A hornet (Lair:1)
  4 wind drakes
  17 tarantellas
  A meliai zombie (D:11)
  25 dream sheep
  7 snapping turtles
  15 blink frogs
  3 air elementals
  15 culicivoras
  18 slime creatures
  14 jumping spiders
  9 wraiths
  4 humans (Bailey)
  4 vampires (WizLab)
  8 water elementals
  11 wyverns
  7 fire bats (Gauntlet)
  5 hogs (D:13)
  9 basilisks
  52 yaks
  2 dire elephant simulacra
  2 fire elementals (Elf:2)
  15 vampire mosquitoes
  5 steam dragons
  43 redbacks
  9 wargs
  4 minotaur simulacra
  2 two-headed ogre zombies (WizLab)
  3 acid dragons
  13 water moccasins
  6 hell hounds
  A black bear (D:7)
  41 orc warriors
  2 sky beasts
  An ettin simulacrum (IceCv)
  An ice beast (D:8)
  12 ogres
  3 small abominations (Gauntlet)
  10 centaurs
  21 wolves
  A phantom (D:5)
  A lemure (D:4)
  3 kobold brigands
  20 bullfrogs
  5 deep troll simulacra
  A gnoll sergeant (D:11)
  An earth elemental (Elf:2)
  A human skeleton (Vaults:3)
  A scorpion (D:6)
  14 wights
  16 killer bees
  7 troll zombies (WizLab)
  6 howler monkeys
  2 electric eels
  5 lava snakes (Lair:5)
  3 hounds
  5 jellies
  12 orc priests
  A gnoll bouda (D:7)
  2 sleepcaps
  5 iguanas
  12 orc wizards
  2 boggart zombies (D:11)
  6 hell rats (Lair:3)
  5 ogre zombies (WizLab)
  2 howler monkey zombies (D:11)
  13 gnolls
  10 adders
  10 river rats (Lair:3)
  An ufetubus (D:6)
  3 worms
  4 dart slugs
  65 orcs
  10 ball pythons
  7 endoplasms
  4 giant cockroaches
  7 goblins
  10 hobgoblins
  7 jackals
  8 quokkas
  5 bats
  9 frilled lizards
  27 kobolds
  16 rats
  2 tentacles (Shoals:4)
1415 creatures vanquished.

Vanquished Creatures (collateral kills)
  A human (Bailey)
  A basilisk (Lair:1)
  An orc warrior (D:7)
  2 bullfrogs (Bailey)
  2 orcs
  2 hobgoblins (Bailey)
  A kobold (D:8)
10 creatures vanquished.

Vanquished Creatures (others)
  A water elemental (Elf:2)
  A human (Bailey)
  A kobold brigand (D:8)
  An orc wizard (Orc:2)
  A kobold (D:8)
  2 demonic plants (Gauntlet)
  80 fungi
  104 plants
  14 tentacles (Shoals:4)
205 creatures vanquished.

Grand Total: 1630 creatures vanquished

Notes
Turn   | Place    | Note
-------+----------+-------------------------------------------
     0 | D:1      | Chudface the Kobold Hexslinger began the quest for the Orb.
     0 | D:1      | Reached XP level 1. HP: 12/12 MP: 2/2
   249 | D:1      | Reached XP level 2. HP: 16/16 MP: 3/3
   279 | D:1      | Reached skill level 1 in Stealth
   592 | D:1      | Reached XP level 3. HP: 21/21 MP: 4/4
   853 | D:2      | Reached skill level 2 in Fighting
  1024 | D:2      | Found an ancient bone altar of Kikubaaqudgha.
  1031 | D:2      | You fall into a shaft and drop 1 floor!
  1238 | D:3      | Reached XP level 4. HP: 26/26 MP: 5/5
  1403 | D:3      | Identified the +1 buckler of the Other World {rC++ Will+
                  | Int+2 Dex-2}
  1839 | D:3      | Got the Almanac of Permutations and Destruction
  1981 | D:3      | Found a hazy altar of Hepliaklqana.
  2167 | D:3      | Noticed a scorpion
  2507 | D:5      | Entered Level 5 of the Dungeon
  2548 | D:4      | Reached XP level 5. HP: 17/31 MP: 6/6
  2617 | D:4      | Noticed a lemure
  2652 | D:4      | Killed a lemure
  2665 | D:4      | Noticed Pikel
  2665 | D:4      | Noticed a lemure
  2684 | D:4      | Noticed a lemure
  2695 | D:4      | Noticed a lemure
  2770 | D:4      | Killed Pikel
  2771 | D:4      | Reached skill level 4 in Fighting
  2771 | D:4      | Reached XP level 6. HP: 12/39 MP: 3/7
  2771 | D:4      | Reached XP level 7. HP: 14/44 MP: 3/8
  3381 | D:4      | Found a hide-covered altar of Uskayaw.
  3385 | D:4      | Found a sacrificial altar of Ru.
  3388 | D:4      | Became a worshipper of Uskayaw the Reveller
  3698 | D:5      | Reached * piety under Uskayaw
  3707 | D:5      | Reached ** piety under Uskayaw
  3873 | D:5      | Noticed a water moccasin
  3927 | D:5      | Reached XP level 8. HP: 48/48 MP: 9/9
  3930 | D:5      | Found a staircase to the Ecumenical Temple.
  3937 | Temple   | Entered the Ecumenical Temple
  4001 | D:5      | Reached skill level 5 in Fighting
  4215 | D:5      | Reached skill level 1 in Invocations
  4925 | D:6      | Reached skill level 1 in Evocations
  5042 | D:6      | Found a large runed translucent door.
  5042 | D:6      | Found a large runed translucent door.
  5045 | D:6      | Noticed a two-headed ogre
  5108 | D:7      | Noticed a yak
  5116 | D:7      | Noticed a yak
  5266 | D:7      | Found a flagged portal.
  5274 | Bailey   | Entered a bailey
  5285 | Bailey   | Reached *** piety under Uskayaw
  5298 | Bailey   | Noticed a human
  5333 | Bailey   | Killed a human
  5334 | Bailey   | Reached XP level 9. HP: 49/55 MP: 3/11
  5395 | Bailey   | Reached skill level 6 in Fighting
  5485 | Bailey   | Reached **** piety under Uskayaw
  5516 | Bailey   | Reached skill level 5 in Stealth
  5624 | Bailey   | HP: 2/56 [human/+3 heavy hand axe (7)]
  5816 | Bailey   | Noticed a vault guard
  5834 | Bailey   | Killed a vault guard
  5835 | Bailey   | Reached skill level 7 in Fighting
  5835 | Bailey   | Reached skill level 5 in Shields
  5835 | Bailey   | Reached XP level 10. HP: 7/63 MP: 13/13
  5898 | Bailey   | Noticed Prince Ribbit
  6061 | Bailey   | Killed Prince Ribbit
  6062 | Bailey   | Reached skill level 1 in Short Blades
  6062 | Bailey   | Reached skill level 5 in Invocations
  6076 | Bailey   | Noticed a vault guard
  6128 | Bailey   | Killed a vault guard
  6368 | D:6      | Found a large runed translucent door.
  6373 | D:6      | Found a large runed translucent door.
  6693 | D:6      | Reached ***** piety under Uskayaw
  6804 | D:7      | Noticed a cyclops
  7444 | D:7      | Reached skill level 1 in Maces & Flails
  7489 | D:7      | Reached skill level 8 in Fighting
  7750 | D:7      | Noticed a seven-headed hydra
  7919 | D:6      | Reached skill level 10 in Ranged Weapons
  7919 | D:6      | Reached XP level 11. HP: 64/68 MP: 15/15
  8471 | D:7      | Reached skill level 5 in Short Blades
  8841 | D:9      | Noticed a two-headed ogre
  9135 | D:8      | Found Hohoaqis's Armour Shoppe.
  9677 | D:7      | Killed a cyclops
 10032 | D:10     | Entered Level 10 of the Dungeon
 10194 | D:9      | Reached ****** piety under Uskayaw
 10769 | D:9      | Found a glowing golden altar of the Shining One.
 10796 | D:9      | Identified a scroll of acquirement
 10816 | D:9      | Reached skill level 9 in Fighting
 10907 | D:9      | Found a radiant altar of Vehumet.
 11310 | D:10     | Found Sar Qorgho's Fire Supplies.
 11326 | D:10     | Bought a wand of flame (5) for 35 gold pieces
 11392 | D:10     | Reached skill level 10 in Stealth
 11688 | D:10     | Found a staircase to the Lair.
 11702 | Lair:1   | Entered Level 1 of the Lair of Beasts
 11916 | D:11     | Reached XP level 12. HP: 72/76 MP: 18/18
 12573 | Lair:1   | Noticed a catoblepas
 12727 | D:12     | Found a staircase to the Orcish Mines.
 12729 | D:12     | Identified the +8 falchion of Moinucikh {freeze, Will+
                  | Int+3}
 12731 | D:12     | Noticed Erolcha
 12745 | D:12     | Killed Erolcha
 12757 | D:12     | Found a gate leading to a gauntlet.
 12774 | Gauntlet | Entered a Gauntlet
 12774 | Gauntlet | Found a transporter.
 12774 | Gauntlet | Found a transporter.
 12789 | Gauntlet | Found a transporter.
 12797 | Gauntlet | Found a transporter.
 12819 | Gauntlet | Found a transporter.
 12829 | Gauntlet | Found a transporter.
 12832 | Gauntlet | Noticed a fire crab
 12898 | Gauntlet | Noticed a fire crab
 12923 | Gauntlet | Found a transporter.
 12931 | Gauntlet | Found a transporter.
 12953 | Gauntlet | Found a transporter.
 12963 | Gauntlet | Found a transporter.
 12978 | Gauntlet | Noticed a four-headed hydra
 13003 | Gauntlet | Noticed a soul eater
 13047 | Gauntlet | Found a large runed translucent door.
 13048 | Gauntlet | Found a large runed translucent door.
 13049 | Gauntlet | Found a large runed translucent door.
 13049 | Gauntlet | Found a large runed translucent door.
 13050 | Gauntlet | Found a large runed translucent door.
 13051 | Gauntlet | Found a large runed translucent door.
 13052 | Gauntlet | Found a large runed translucent door.
 13052 | Gauntlet | Found a large runed translucent door.
 13055 | Gauntlet | Noticed a tengu warrior
 13061 | Gauntlet | Found a runed translucent gate.
 13065 | Gauntlet | Found a transporter.
 13065 | Gauntlet | Found a transporter.
 13090 | Gauntlet | Found a transporter.
 13104 | Gauntlet | Found a transporter.
 13109 | Gauntlet | Found a runed translucent gate.
 13109 | Gauntlet | Found a runed translucent gate.
 13124 | Gauntlet | Found a transporter.
 13138 | Gauntlet | Found a transporter.
 13140 | Gauntlet | Found a large runed translucent door.
 13148 | Gauntlet | Found a large runed translucent door.
 13149 | Gauntlet | Found a runed translucent door.
 13149 | Gauntlet | Found a runed translucent door.
 13253 | Gauntlet | Reached skill level 10 in Fighting
 13303 | Gauntlet | Identified the amulet "Kuuvvisa" {Acrobat rC+ rN+ Int+2
                  | Dex-2}
 13469 | Gauntlet | Killed a fire crab
 13644 | Gauntlet | Noticed a minotaur
 13667 | Gauntlet | Killed a minotaur
 13859 | D:12     | Acquired 1135 gold pieces
 13878 | D:12     | Noticed Josephine
 14075 | D:11     | Found a basalt altar of Yredelemnul.
 14088 | D:11     | Reached skill level 10 in Short Blades
 14098 | D:11     | Reached skill level 10 in Invocations
 14388 | D:11     | Noticed a tengu warrior
 14468 | D:10     | Reached XP level 13. HP: 81/82 MP: 20/20
 14640 | D:11     | Reached skill level 5 in Dodging
 14685 | Orc:1    | Entered Level 1 of the Orcish Mines
 14787 | Orc:1    | Reached skill level 5 in Evocations
 14981 | Orc:2    | Entered Level 2 of the Orcish Mines
 15273 | Orc:1    | Noticed an orc warlord
 15406 | Orc:1    | Reached skill level 1 in Throwing
 15994 | D:11     | Noticed a centaur warrior
 15995 | D:11     | Killed a centaur warrior
 16308 | D:11     | Noticed an ogre mage
 16807 | Lair:2   | Found a hole to the Spider Nest.
 16842 | Lair:2   | Got the Quarto of Rank Violence
 17071 | Lair:2   | Noticed a seven-headed hydra
 17135 | Lair:2   | Found a hide-covered altar of Uskayaw.
 17137 | Lair:2   | Found an ornate altar of the Wu Jian Council.
 17216 | Lair:2   | Noticed a five-headed hydra
 17683 | Lair:4   | Reached XP level 14. HP: 41/88 MP: 21/21
 17808 | Lair:5   | Entered Level 5 of the Lair of Beasts
 18040 | Lair:4   | Reached skill level 11 in Fighting
 18194 | Lair:4   | Found a basalt altar of Yredelemnul.
 18227 | Lair:4   | Reached skill level 10 in Dodging
 18628 | Lair:5   | Reached skill level 15 in Stealth
 18777 | Lair:5   | Found a staircase to the Slime Pits.
 18847 | Lair:5   | Reached skill level 12 in Fighting
 19303 | Lair:5   | Found a large runed translucent door.
 19318 | Lair:5   | Found a large runed translucent door.
 19930 | Lair:3   | Reached skill level 13 in Fighting
 19930 | Lair:3   | Reached XP level 15. HP: 98/98 MP: 24/24
 21318 | Lair:3   | Found a staircase to the Shoals.
 21524 | Lair:3   | Reached skill level 14 in Fighting
 22321 | D:12     | Noticed Fannar
 22333 | D:12     | Noticed Urug
 22368 | D:11     | Killed Fannar
 22971 | D:13     | Noticed Kirke
 22985 | D:13     | Killed Kirke
 23100 | Orc:1    | Killed an orc warlord
 23270 | Orc:1    | Identified the +6 scimitar of Action {freeze, Drain Will++
                  | Str+3}
 23461 | Orc:2    | Noticed an orc warlord
 23835 | Orc:2    | Reached skill level 15 in Fighting
 23986 | Orc:1    | Reached XP level 16. HP: 100/108 MP: 26/26
 24405 | Orc:2    | Found Diogar's Antique Armour Shop.
 24628 | Orc:2    | Found Duddeokh's Specific Store.
 24642 | Orc:2    | Found Nekam's General Store.
 24646 | Orc:2    | Bought a potion of might for 40 gold pieces
 24646 | Orc:2    | Bought a scroll of poison for 40 gold pieces
 24708 | Orc:2    | Found Meewen's General Store.
 24715 | Orc:2    | Bought a scroll of enchant weapon for 90 gold pieces
 24783 | Orc:2    | Found a staircase to the Elven Halls.
 24867 | Orc:2    | Found Synwuigo's Antique Weapon Emporium.
 24873 | Orc:2    | Bought a blackened arbalest for 294 gold pieces
 24873 | Orc:2    | Identified the +7 arbalest "Jucryiseq" {drain, rPois Str+3}
                  | (You bought it in a shop on level 2 of the Orcish Mines)
 24940 | Orc:2    | Found Cudoraa's Book Shop.
 25029 | Orc:2    | HP: 4/108 [orc warlord/+0 long sword (9)]
 25404 | D:12     | Killed Josephine
 25476 | D:12     | Killed Urug
 25958 | D:14     | Found a frozen archway.
 26010 | IceCv    | Entered an ice cave
 26469 | IceCv    | Reached skill level 15 in Ranged Weapons
 26926 | D:13     | Identified the +0 long sword of Turmoil {drain, rCorr}
 27570 | D:13     | Found a portal to a secret trove of treasure.
 27710 | D:14     | Found a radiant altar of Vehumet.
 27746 | D:15     | Entered Level 15 of the Dungeon
 27815 | D:15     | Got the Omnibus of the Wyrd
 28285 | D:14     | Found Gasaezie's Book Shop.
 28290 | D:14     | Bought a manual of Fighting for 1200 gold pieces
 28725 | D:15     | Reached XP level 17. HP: 113/113 MP: 27/27
 29266 | Shoals:1 | Entered Level 1 of the Shoals
 29320 | Shoals:1 | Reached skill level 16 in Fighting
 29729 | Shoals:2 | Found a runed translucent door.
 29962 | Shoals:1 | Identified the +0 scale mail of Wecunag {rCorr Stlth+}
 30057 | Shoals:1 | Reached skill level 17 in Fighting
 30128 | Shoals:1 | Identified the +10 mace "Afuic" {flame, +Blink Dex-4 SInv}
 30162 | Shoals:2 | Reached skill level 1 in Armour
 30432 | Shoals:3 | Identified the +1 robe "Qoef" {Dex+3}
 30442 | Shoals:4 | Entered Level 4 of the Shoals
 30629 | Shoals:2 | Reached skill level 18 in Fighting
 30981 | Shoals:3 | Found Lyps's Vocational Training.
 31377 | Shoals:4 | Reached skill level 19 in Fighting
 31408 | Shoals:4 | Reached skill level 5 in Armour
 31422 | Shoals:4 | Learned a level 1 spell: Apportation
 31425 | Shoals:4 | Learned a level 2 spell: Blink
 31429 | Shoals:4 | Learned a level 3 spell: Portal Projectile
 31443 | Shoals:4 | Identified Roxanne's Octavo of Mud
 31443 | Shoals:4 | Noticed Roxanne
 31502 | Shoals:4 | Reached XP level 18. HP: 128/128 MP: 28/28
 31572 | Shoals:4 | Reached skill level 1 in Translocations
 31581 | Shoals:4 | Identified the +7 great mace of Fuzzy Innocence {freeze,
                  | rElec}
 31703 | Shoals:4 | Got the Incunable of Abominable Spells and Conflagration
 32027 | Shoals:4 | Noticed a kraken
 32044 | Shoals:4 | Noticed Donald
 32045 | Shoals:4 | Killed Donald
 32054 | Shoals:4 | Identified the +6 dagger of Gozag's Brutal Revenge {freeze,
                  | Contam *Corrode rN+++ Will+}
 32062 | Shoals:4 | Noticed Polyphemus
 32253 | Shoals:4 | Identified the +9 long sword of Mutilation {flame, rN+
                  | Str+2 SInv}
 32377 | Shoals:4 | Noticed Mlioglotl
 32381 | Shoals:4 | Reached skill level 5 in Translocations
 32381 | Shoals:4 | Killed Mlioglotl
 32494 | Shoals:4 | Killed a kraken
 32503 | Shoals:4 | Got a barnacled rune of Zot
 32773 | Spider:1 | Entered Level 1 of the Spider Nest
 33115 | D:14     | Found a gate to the Vaults.
 33123 | Vaults:1 | Entered Level 1 of the Vaults
 34146 | Vaults:1 | Identified the ring "Jonli" {rC+ Int+6 Dex+4}
 34242 | Vaults:1 | Reached XP level 19. HP: 65/134 MP: 26/30
 34257 | Vaults:1 | Reached skill level 20 in Fighting
 34304 | Vaults:1 | Reached skill level 15 in Invocations
 34673 | Vaults:2 | Found a staircase to the Crypt.
 34760 | Vaults:2 | Identified the ring of Ajit {MP+9 Int+3}
 35423 | Vaults:2 | Found a runed translucent gate.
 35423 | Vaults:2 | Found a runed translucent gate.
 35423 | Vaults:2 | Found a runed translucent gate.
 35900 | Vaults:2 | Reached skill level 21 in Fighting
 36187 | Vaults:3 | Paralysed by a sphinx for 2 turns
 37776 | Spider:1 | You fall into a shaft and drop 1 floor!
 37855 | Spider:2 | Reached XP level 20. HP: 140/144 MP: 15/31
 38268 | Spider:2 | Reached skill level 1 in Long Blades
 39598 | Vaults:3 | Reached skill level 5 in Long Blades
 39719 | Vaults:3 | Found Vaofrit's Antique Weapon Shop.
 40746 | Vaults:3 | Found Epniz's Antique Weapon Shop.
 40749 | Vaults:3 | Found Lutox's General Store.
 40755 | Vaults:3 | Bought a wand of digging (4) for 268 gold pieces
 40755 | Vaults:3 | Bought a scroll of poison for 64 gold pieces
 41848 | Vaults:3 | Reached XP level 21. HP: 147/148 MP: 22/32
 42517 | D:15     | Found a sparkling altar of Nemelex Xobeh.
 42708 | D:15     | Found a staircase to the Depths.
 43000 | D:6      | Identified the +12 gold dragon scales "Mevysase" {rPois rF+
                  | rC+ rN+}
 43008 | D:6      | Got Pudell's Grimoire of the Nauseating Anticline
 43153 | D:9      | Found Coxaciq's Distillery.
 43156 | D:9      | Bought 2 potions of heal wounds for 130 gold pieces
 43156 | D:9      | Bought a potion of invisibility for 104 gold pieces
 43156 | D:9      | Bought a potion of invisibility for 104 gold pieces
 43156 | D:9      | Bought 2 potions of curing for 78 gold pieces
 43442 | Spider:3 | Found a runed translucent door.
 43442 | Spider:3 | Noticed Otiptot's ghost (adept MiBe)
 43454 | Spider:3 | Identified the +0 buckler of Xom's Hope {Rampage rElec
                  | rPois Stlth-}
 43861 | Spider:4 | Entered Level 4 of the Spider Nest
 44726 | Spider:4 | Noticed Mara
 45091 | Spider:4 | Identified the +0 chain mail "Geuc" {MP+9 SInv}
 45398 | Spider:4 | Reached skill level 10 in Armour
 45832 | Spider:4 | Got a gossamer rune of Zot
 46194 | Elf:1    | Entered Level 1 of the Elven Halls
 46312 | Elf:1    | Paralysed by an air elemental for 1 turns
 46486 | Elf:2    | Reached XP level 22. HP: 120/155 MP: 27/33
 46490 | Elf:2    | Found Rakhal's Book Shoppe.
 46565 | Elf:2    | Found a magical portal.
 46605 | Elf:2    | Paralysed by an air elemental for 1 turns
 46617 | WizLab   | Entered Zonguldrok's Shrine
 46865 | WizLab   | HP: 1/155 [skeletal warrior/+0 battleaxe (14)]
 46865 | WizLab   | Slain by a skeletal warrior

Illustrated notes

Levels and vault maps discovered:
D:1:      tarquinn_simple_flora_water_d, layout_loops_ring
D:2:      layout_loops_ring, basic_altar
D:3:      layout_loops_ring, nicolae_overflow_hidden_temple, st_stairs_3,
          wad_rectangle_vault
D:4:      layout_basic, chequers_temple_overflow_statue_of_worship, uniq_pikel
D:5:      layout_cave_pools, minmay_temple_entry_mist
D:6:      layout_basic, eino_curves_01, minmay_hollow_rounded_squares
D:7:      nzn_winding_woodlands_small [nzn_winding_woodlands_5x15_parted,
          nzn_winding_woodlands_center_diamonds,
          nzn_winding_woodlands_5x15_pool], layout_rooms,
          lightli_bailey_entry_fortress
D:8:      layout_gridville, serial_shops, shop
D:9:      layout_basic, nicolae_overflow_crystal_walls,
          mainiacjoe_overflow_concentric_impassable, serial_shops,
          nicolae_shop_tiny_real_fake_doors
D:10:     layout_loops_ring, grunt_lair_entry_orc_guard_hut, dk_noncrumbling_4,
          nicolae_shop_fire_sale [nicolae_sub_dead_trees]
D:11:     minmay_the_grid_octo_2x2 [minmay_the_grid_octo_teeth,
          minmay_the_grid_octo_77, minmay_the_grid_octo_clover,
          minmay_the_grid_octo_prize_big_c], layout_small_grid,
          nicolae_yredelemnul_corpse_copse
D:12:     layout_roguey, orc_0_dummy, gauntlet_entry_generic,
          kennysheep_another_room, uniq_erolcha, uniq_josephine, uniq_fannar,
          uniq_urug
D:13:     layout_grid_maze, nicolae_trove_entry_isolated, uniq_kirke
D:14:     layout_loops_corners, david_vaults_1, serial_shops, shop,
          portal_ice_cave_entry_ice_simulacra, minmay_misc_feat_four_crosses,
          vehumet_altar_wand_db
D:15:     gammafunk_enter_depths_forms, layout_irregular_city,
          nemelex_xobeh_ov_fountains_minmay
Temple:   minmay_crystal_spiral_temple
Lair:1:   minmay_lair_venomous_thicket, layout_layer_cave,
          infiniplex_staircase_pool, serial_bayou_shore_b
Lair:2:   layout_layer_cave, nicolae_spider_entry_orb_guardian,
          nzn_masters_of_martial_movement, serial_bayou_shore_b,
          lemuel_fruit_fields
Lair:3:   lemuel_ratsnest, layout_regular_city, elwin_shoals_entry_rooms,
          grunt_megastairs_5
Lair:4:   layout_small_grid, lemuel_altar_in_water2
Lair:5:   cheibrodos_lair_end_hotspot, layout_regular_city,
          nicolae_slime_entry_slimehenge
Shoals:1: layout_shoals, nicolae_shoals_loop_pool
Shoals:2: layout_shoals, ebering_ghost_reflecting_pool, nzn_prometheus_bound
Shoals:3: layout_shoals, nicolae_shop_vocational
Shoals:4: shoals_end_hangedman, layout_shoals,
          nicolae_shoals_arrival_archipelago, uniq_donald, uniq_mlioglotl,
          uniq_polyphemus, uniq_roxanne
Spider:1: layout_cave_pods, nicolae_spider_claw_tunnel
Spider:2: layout_spider_delve
Spider:3: layout_spider_delve, gammafunk_ghost_grave
Spider:4: hellmonk_spider_rune_bug_friends, nicolae_spider_not_touching_you,
          uniq_mara
Orc:1:    layout_diamond_mine, elf_legates
Orc:2:    grunt_orc_gardens, layout_diamond_mine, grunt_orc_garden,
          grunt_orc_garden, grunt_orc_garden, grunt_orc_garden,
          nicolae_specific_store
Elf:1:    layout_onion_city, minmay_elf_annihilation
Elf:2:    nicolae_elf_blades_splatter_lattice [nicolae_blade_entry_antechamber],
          layout_geoelf_diagonals, infiniplex_enter_wizlab_glasses,
          serial_shops, nicolae_shop_peninsula
Vaults:1: v_alt_pattern_3, nicolae_vaults_trapezoid_lopsided_4,
          nicolae_vaults_little_squares_2, nicolae_vaults_diffraction_hallways,
          nicolae_vaults_twisting_passages, v_misc_3,
          nicolae_vaults_doubleplus_tesselated,
          nicolae_vaults_ring_of_whatevers, hangedman_vaults_cutoff,
          nicolae_vaults_more_shelving_2, nicolae_vaults_bisected_exclaves,
          nicolae_vaults_gold_heap, nicolae_vaults_trapezoid_2,
          vaults_room_door_ring, grunt_vaults_hallway_short, vaults_room_grid,
          layout_vaults_ring
Vaults:2: ebering_ghost_rock_garden, nicolae_vaults_network_square,
          nicolae_vaults_ellipses_ellipsis, ontoclasm_vaults_shuriken,
          nicolae_vaults_sightless_eye, minmay_crypt_entry_simple_round,
          grunt_vaults_hallway_long, vaults_room_grid,
          nicolae_vaults_murder_corner, layout_vaults_big_room
Vaults:3: nicolae_vaults_an_arrangement, v_misc_22, vaults_mumra_chevron,
          v_misc_28, nicolae_vaults_trapezoid_lopsided_2, ontoclasm_vaults_chip,
          nicolae_vaults_layer_cake_slice, nicolae_vaults_trapezoid_lopsided_1,
          nicolae_vaults_windows_and_doors_thing, v_misc_19,
          layout_vaults_omnigrid, serial_shops, shop_fountains, shop, shop
Vaults:4: nicolae_vaults_offset_grid_hallway_1, v_misc_24,
          nicolae_vaults_closet_pinwheel_1, v_pattern_1, nicolae_vaults_mitosis,
          nicolae_vaults_trapezoid_lopsided_1, hangedman_vaults_locks,
          nicolae_vaults_storage_room_glass, hangedman_vaults_hat,
          nicolae_vaults_antechamber_and_loot_room,
          nicolae_vaults_heart-shaped_vault, layout_vaults_omnicross
WizLab:   wizlab_zonguldrok

Skill      XL: |  1  2  3  4  5  6  7  8  9 10 11 12 13 14 15 16 17 18 19 20 21 |
---------------+----------------------------------------------------------------+-----
Ranged Weapons | 3 4 6 7 8 10 11 12 17 18 20 | 20.8
Stealth        | 1 2 3 6 8 10 14 15 16 17 | 17.6
Dodging        | 3 4 9 10 11 12 13 14 | 14.5
Fighting       | 2 4 5 7 8 9 10 13 15 19 21 | 21.0
Shields        | 2 3 4 5 |  5.0
Invocations    | 3 4 6 8 10 12 14 15 | 15.0
Evocations     | 2 3 4 5 |  5.0
Short Blades   | 4 7 10 | 10.0
Maces & Flails | 1 |  1.2
Throwing       | 3 |  3.0
Armour         | 5 10 | 10.0
Translocations | 8 9 |  9.0
Spellcasting   | 3 |  3.0
Long Blades    | 8 |  8.8
Hexes          | |  3.0

Action                     |  1- 3 |  4- 6 |  7- 9 | 10-12 | 13-15 | 16-18 | 19-21 | 22-24 || total
---------------------------+-------+-------+-------+-------+-------+-------+-------+-------++-------
  Melee: Dagger            |       |       |     4 |   399 |  1228 |   345 |   145 |     3 ||  2124
         Mace              |       |       |       |   169 |       |       |       |       ||   169
         Short sword       |       |       |       |       |   391 |    73 |       |       ||   464
         Punch             |       |       |       |       |       |     1 |     5 |       ||     6
         Arbalest          |       |       |       |       |       |       |     1 |       ||     1
         Long sword        |       |       |       |       |       |       |    30 |       ||    30
   Fire: Sling             |    89 |   149 |   393 |   526 |    78 |     7 |       |       ||  1242
         Arbalest          |       |       |       |       |       |   844 |  1049 |   130 ||  2023
  Throw: Dart              |       |     5 |       |    13 |    21 |    19 |     9 |       ||    67
         Throwing net      |       |       |     4 |       |       |       |       |       ||     4
   Cast: Slow              |     4 |     7 |     1 |       |       |       |       |       ||    12
         Portal Projectile |       |       |       |       |       |     2 |   112 |     9 ||   123
         Blink             |       |       |       |       |       |       |     3 |       ||     3
 Invoke: Stomp             |       |       |     7 |     3 |    38 |     7 |     4 |     1 ||    60
         Line Pass         |       |       |     1 |     3 |     7 |     2 |     4 |       ||    17
         Grand Finale      |       |       |       |       |     3 |     4 |     2 |       ||     9
  Evoke: Wand              |       |       |    18 |     6 |     3 |    12 |       |       ||    39
         Phantom mirror    |       |       |       |       |       |       |     1 |       ||     1
         Condenser vane    |       |       |       |       |       |       |     1 |       ||     1
    Use: Scroll            |       |     7 |     6 |    10 |     7 |    13 |     5 |       ||    48
         Potion            |       |     3 |     1 |     6 |     1 |     2 |     4 |       ||    17
   Stab: Paralysed         |       |       |     1 |    21 |    41 |    34 |    76 |       ||   173
         Sleeping          |       |       |       |    17 |    52 |    38 |    40 |     2 ||   149
         Confused          |       |       |       |     3 |     4 |     1 |     3 |       ||    11
         Distracted        |       |       |       |       |    16 |     3 |       |       ||    19
         Invisible         |       |       |       |       |     1 |       |       |       ||     1
 Armour: Robe              |     4 |       |       |       |       |       |       |       ||     4
         Ring mail         |     1 |    29 |    82 |   354 |   281 |   222 |   329 |    28 ||  1326
         Scale mail        |       |       |       |       |       |     4 |       |       ||     4
  Dodge: Dodged            |    25 |    67 |   140 |   468 |   721 |   788 |  1333 |   134 ||  3676
  Block: Buckler           |       |    45 |   175 |   570 |   396 |    68 |       |       ||  1254
         Other             |       |     5 |       |       |       |       |       |       ||     5
         Reflection        |       |     1 |     4 |    13 |       |       |       |       ||    18

Table legend: (Time is in decaauts)
 A = Elapsed time spent in this place.
 B = Non-inter-level travel time spent in this place.
 C = Inter-level travel time spent in this place.
 D = Time resting spent in this place.
 E = Time spent auto-exploring this place.
 F = Levels seen in this place.
 G = Mean time per level.
                   A        B        C        D        E       F      G
               +--------+--------+--------+--------+--------+-----+--------+
         Total |  46579 |  38351 |   8228 |   2848 |   3065 |  41 | 1136.1 |
       Dungeon |  18805 |  15319 |   3486 |   1279 |   2335 |  15 | 1253.7 |
        Temple |      1 |      1 |      0 |      0 |      0 |   1 |    1.0 |
          Lair |   6246 |   4869 |   1377 |      0 |    313 |   5 | 1249.2 |
        Shoals |   3663 |   3197 |    466 |     65 |      0 |   4 |  915.8 |
   Spider Nest |   4828 |   4140 |    688 |    424 |     31 |   4 | 1207.0 |
  Orcish Mines |   2961 |   2321 |    640 |      9 |      0 |   2 | 1480.5 |
   Elven Halls |    420 |    420 |      0 |      0 |      0 |   2 |  210.0 |
        Vaults |   6472 |   4904 |   1568 |    239 |    101 |   4 | 1618.0 |
        Bailey |   1044 |   1044 |      0 |    477 |      0 |   1 | 1044.0 |
      Ice Cave |    814 |    814 |      0 |      0 |      0 |   1 |  814.0 |
        Wizlab |    258 |    258 |      0 |      0 |      0 |   1 |  258.0 |
      Gauntlet |   1061 |   1061 |      0 |    354 |    285 |   1 | 1061.0 |
               +--------+--------+--------+--------+--------+-----+--------+

Top non-repeatable levels by time:
     D:6: 1923 daAuts
Vaults:1: 1855 daAuts
   Orc:1: 1804 daAuts
    D:11: 1783 daAuts
     D:7: 1724 daAuts
Spider:1: 1722 daAuts
Spider:4: 1703 daAuts
Vaults:3: 1671 daAuts
  Lair:2: 1581 daAuts
Vaults:2: 1542 daAuts
  Lair:5: 1463 daAuts
Shoals:4: 1442 daAuts
Vaults:4: 1402 daAuts
    D:13: 1390 daAuts
    D:10: 1378 daAuts
